 Dungeon Crawl Stone Soup version 0.29.1-2-gbd0b4ee654 (webtiles) character file.

Game seed: 18229777886910002204

25 Descartes the Ducker (level 2, 0/16 HPs)
             Began as a Spriggan Chaos Knight on Nov 29, 2022.
             Was a Plaything of Xom.
             Succumbed to an adder's poison
             ... on level 2 of the Dungeon.
             The game lasted 00:01:11 (762 turns).

Descartes the Ducker (Spriggan Chaos Knight)         Turns: 762, Time: 00:01:12

Health: 0/16       AC:  4    Str:  8    XL:     2   Next: 82%
Magic:  3/3        EV: 15    Int: 13    God:    Xom [..*...]
Gold:   47         SH:  0    Dex: 14    Spells: 1/1 levels left

rFire   . . .      SeeInvis +   a - +0 short sword (chaos)
rCold   + . .      Faith    .   (no shield)
rNeg    . . .      Spirit   .   d - +2 robe {rC+}
rPois   .          Reflect  .   (helmet restricted)
rElec   .          Harm     .   (no cloak)
rCorr   .          Rampage  .   (gloves unavailable)
Will    .....                   (boots unavailable)
Stlth   ++........              (no amulet)
HPRegen 0.05/turn               (no ring)
MPRegen 0.08/turn               (no ring)

@: lethally poisoned (0 -> -5), hasted, constricted, very quick
A: very small, no large weapons, unfitting armour, see invisible, speed 3
a: Renounce Religion


You were on level 2 of the Dungeon.
You worshipped Xom.
You were a toy of Xom.
You visited 1 branch of the dungeon, and saw 2 of its levels.

You collected 47 gold pieces.

Inventory:

Hand Weapons
 a - a +0 short sword of chaos (weapon)
Armour
 b - a +2 robe
 d - a +2 robe of cold resistance (worn)
Scrolls
 f - a scroll of immolation {unknown}
 g - a scroll of poison {unknown}
 h - a scroll of enchant weapon {unknown}
Potions
 i - a potion of curing {unknown}
Miscellaneous
 c - a piece from Xom's chessboard (15/15) (quivered)


   Skills:
 + Level 2.7 Fighting
 + Level 3.7 Short Blades
 + Level 3.8 Dodging
 * Level 0.6 Stealth


You had one spell level left.
You didn't know any spells.
Your spell library was empty.

Dungeon Overview and Level Annotations

Branches:
Dungeon (2/15)

Altars:


Innate Abilities, Weirdness & Mutations

You are very small and have problems with some larger weapons.
You are too small for most types of armour.
You have supernaturally acute eyesight. (SInv)
You cover ground extremely quickly. (Speed+++)


Message History

You are poisoned.
The adder poisons you!
You closely miss the adder.
You feel sick. The adder barely misses you.
You miss the adder.
You feel sick. The adder misses you.
The ball python closely misses you. x2; The adder closely misses you.
You closely miss the adder.
You feel sick. The ball python misses you. x2
The adder bites you.
You are lethally poisoned!
The adder poisons you!
You are too injured to fight recklessly!
You are too injured to fight recklessly!
You are too injured to fight recklessly!
You are too injured to fight recklessly!
You are too injured to fight recklessly!
You are too injured to fight recklessly!
You are too injured to fight recklessly!
You are too injured to fight recklessly!
You are too injured to fight recklessly!
You are too injured to fight recklessly!
You are too injured to fight recklessly!
You are too injured to fight recklessly!
You are too injured to fight recklessly!
You are too injured to fight recklessly!
Unknown command.
You closely miss the adder.
You feel sick. The ball python bites you.
* * * LOW HITPOINT WARNING * * *
The ball python barely misses you. The adder completely misses you.
The ball python barely misses you. The ball python grabs you.
The ball python constricts you.
Unknown command.
You hit the adder.
The adder is moderately wounded.
* * * LOW HITPOINT WARNING * * *
You feel sick. The adder barely misses you.
The ball python bites you but does no damage.
The ball python constricts you.
It was a potion of haste.
You feel yourself speed up.
Xom thinks this is hilarious!
You die...
Xom bursts into laughter!

.........#...##.#
####.......#......#
........)..†.......
#########.......#.......
#........"......###...(.
#..........#####.......#
#......(..[# #..###....
#..........# #.## #....
#......@...# #. #....
#.....SS...# .. ...(.
#..........# .## ....
#..........##. ....
.............
#..........#.#
...............
###.###...#####


You could see an adder and a ball python.

Vanquished Creatures
  A dart slug (D:1)
  A ball python (D:1)
  3 bats
  2 endoplasms (D:1)
  3 goblins (D:1)
  3 hobgoblins (D:1)
  2 kobolds (D:1)
  2 frilled lizards (D:1)
  4 rats (D:1)
21 creatures vanquished.

Notes
Turn   | Place    | Note
-------+----------+-------------------------------------------
     0 | D:1      | Descartes the Spriggan Chaos Knight began the quest for the
                  | Orb.
     0 | D:1      | Reached XP level 1. HP: 11/11 MP: 2/2
    42 | D:1      | XOM: silly message
    43 | D:1      | XOM: divination: magic mapping
   164 | D:1      | Reached XP level 2. HP: 16/16 MP: 3/3
   377 | D:1      | XOM: silly message
   583 | D:1      | XOM: divination: detect items
   762 | D:2      | Succumbed to an adder's poison

Illustrated notes

Levels and vault maps discovered:
D:1:      ebering_trefoil_twist, layout_rooms
D:2:      layout_basic, basic_altar

Action                   || total
-------------------------++-------
Melee: Short sword       ||    61
       Punch             ||     1
  Use: Potion            ||     1
Armor: Robe              ||     6
Dodge: Dodged            ||    57
